 Dungeon Crawl Stone Soup version 0.22.0-18-ge075c0d (webtiles) character file.

854 Amnesiac the Shooter (level 7, -10/54 HPs)
             Began as a Mummy Hunter on Aug 18, 2018.
             Blown up by Ijyb (22 damage)
             ... with a wand of disintegration (7)
             ... on level 5 of the Dungeon.
             The game lasted 00:08:08 (5070 turns).

Amnesiac the Shooter (Mummy Hunter)                 Turns: 5070, Time: 00:08:09

Health: -10/54     AC: 10    Str: 18    XL:     7   Next: 70%
Magic:  7/7        EV:  8    Int: 10    God:
Gold:   286        SH:  0    Dex: 12    Spells: 6/6 levels left

rFire    x . .     SeeInvis .   a - +2 shortbow
rCold    + . .     Gourm    .   (shield currently unavailable)
rNeg     + + +     Faith    .   v - +0 chain mail
rPois    ∞         Spirit   .   (no helmet)
rElec    .         Reflect  .   w - +0 cloak
rCorr    .         Harm     .   (no gloves)
MR       .....                  (no boots)
Stlth    ..........             o - amulet of the acrobat
HPRegen  0.18/turn              (no ring)
MPRegen  0.10/turn              (no ring)

@: no status effects
A: no food or potions, fire vulnerability, cold resistance 1, negative energy
resistance 3, torment resistance, unbreathing
a: no special abilities


You were on level 5 of the Dungeon.
You were not hungry.

You visited 1 branch of the dungeon, and saw 5 of its levels.

You collected 286 gold pieces.

Inventory:

Hand Weapons
 a - a +2 shortbow (weapon)
 b - a +0 trident
 n - a +0 short sword
 p - a +0 blowgun
 u - a +0 great sword
Missiles
 d - 43 arrows (quivered)
 q - 15 poisoned needles
Armour
 v - a +0 chain mail (worn)
 w - a +0 cloak (worn)
Jewellery
 o - an amulet of the acrobat (around neck)
Wands
 f - a wand of digging (15)
Scrolls
 c - a scroll of remove curse {!r, unknown}
 e - 3 scrolls of magic mapping {!r, unknown}
 g - a scroll of immolation {!r, unknown}
 h - a scroll of enchant armour {!r, unknown}
 i - 2 scrolls of noise {!r, unknown}
 j - 2 scrolls of fog {!r, unknown}
 k - 3 scrolls of identify {!r, unknown}
 l - 2 scrolls of blinking {!r, unknown}


   Skills:
 - Level 4.0 Fighting
 - Level 5.4 Bows
 + Level 3.5 Armour
 + Level 3.6 Dodging
 - Level 0.7 Stealth


You had 6 spell levels left.
You didn't know any spells.
Your spell library was empty.

Dungeon Overview and Level Annotations

Branches:
Dungeon (5/15)
 Temple: D:4-7

Altars:
Ashenzari
Cheibriados
Kikubaaqudgha
Nemelex Xobeh
Ru
Uskayaw
Vehumet
Yredelemnul

Annotations:
D:3 Edmund
D:5 Ijyb, Prince Ribbit


Innate Abilities, Weirdness & Mutations

You do not eat or drink.
Your flesh is vulnerable to fire.
You are immune to poison.
Your flesh is cold resistant. (rC+)
You are immune to negative energy. (rN+++)
You are immune to unholy pain and torment.
You can survive without breathing.


Message History

Press: ? - help, Shift-Dir - straight line, f - Ijyb
Aim: Ijyb, wielding a club, wearing a leather armour and carrying a wand of disintegration (8) (hasn't noticed you)
You shoot an arrow.
Ijyb shouts!
The arrow hits Ijyb.
Ijyb is lightly wounded.
Ijyb throws a stone.
The stone hits you but does no damage.
Firing (i - inventory)
d - 54 arrows (quivered)
Press: ? - help, Shift-Dir - straight line, f/p - Ijyb
Aim: Ijyb, wielding a club, wearing a leather armour and carrying a wand of disintegration (8) (lightly wounded)
You shoot an arrow. The arrow closely misses Ijyb.
Ijyb throws a stone.
The stone hits you but does no damage.
Firing (i - inventory)
d - 53 arrows (quivered)
Press: ? - help, Shift-Dir - straight line, f/p - Ijyb
Aim: Ijyb, wielding a club, wearing a leather armour and carrying a wand of disintegration (8) (lightly wounded)
You shoot an arrow. The arrow hits Ijyb!
Ijyb is heavily wounded.
Firing (i - inventory)
d - 52 arrows (quivered)
Press: ? - help, Shift-Dir - straight line, f/p - Ijyb
Aim: Ijyb, wielding a club, wearing a leather armour and carrying a wand of disintegration (8) (heavily wounded)
You shoot an arrow. The arrow closely misses Ijyb.
Ijyb throws a stone.
The stone hits you but does no damage.
Firing (i - inventory)
d - 51 arrows (quivered)
Press: ? - help, Shift-Dir - straight line, f/p - Ijyb
Aim: Ijyb, wielding a club, wearing a leather armour and carrying a wand of disintegration (8) (heavily wounded)
You shoot an arrow. The arrow hits Ijyb.
Ijyb is severely wounded.
Ijyb throws a stone.
The stone hits you but does no damage.
Firing (i - inventory)
d - 50 arrows (quivered)
Press: ? - help, Shift-Dir - straight line, f/p - Ijyb
Aim: Ijyb, wielding a club, wearing a leather armour and carrying a wand of disintegration (8) (severely wounded)
You shoot an arrow. The arrow closely misses Ijyb.
Firing (i - inventory)
d - 49 arrows (quivered)
Press: ? - help, Shift-Dir - straight line, f/p - Ijyb
Aim: Ijyb, wielding a club, wearing a leather armour and carrying a wand of disintegration (8) (severely wounded)
You shoot an arrow. The arrow closely misses Ijyb.
Ijyb throws a stone.
The stone hits you but does no damage.
Firing (i - inventory)
d - 48 arrows (quivered)
Press: ? - help, Shift-Dir - straight line, f/p - Ijyb
Aim: Ijyb, wielding a club, wearing a leather armour and carrying a wand of disintegration (8) (severely wounded)
You shoot an arrow. The arrow barely misses Ijyb.
Firing (i - inventory)
d - 47 arrows (quivered)
Press: ? - help, Shift-Dir - straight line, f/p - Ijyb
Aim: Ijyb, wielding a club, wearing a leather armour and carrying a wand of disintegration (8) (severely wounded)
You shoot an arrow. The arrow hits Ijyb but does no damage.
Ijyb is severely wounded.
Firing (i - inventory)
d - 46 arrows (quivered)
Press: ? - help, Shift-Dir - straight line, f/p - Ijyb
Aim: Ijyb, wielding a club, wearing a leather armour and carrying a wand of disintegration (8) (severely wounded)
You shoot an arrow. The arrow hits Ijyb.
Ijyb is almost dead.
Ijyb zaps a wand.
You are blasted!
* * * LOW HITPOINT WARNING * * *
Firing (i - inventory)
d - 45 arrows (quivered)
Press: ? - help, Shift-Dir - straight line, f/p - Ijyb
Aim: Ijyb, wielding a club, wearing a leather armour and carrying a wand of disintegration (7) (almost dead)
You shoot an arrow. The arrow hits Ijyb.
Ijyb is almost dead.
Firing (i - inventory)
d - 44 arrows (quivered)
Press: ? - help, Shift-Dir - straight line, f/p - Ijyb
Aim: Ijyb, wielding a club, wearing a leather armour and carrying a wand of disintegration (7) (almost dead)
You shoot an arrow. The arrow closely misses Ijyb.
Ijyb zaps a wand.
You are blasted!
You die...

### ##@#
##.## ##g##
## ##(## ##.
##(## .[.
##.##
.#.#######(##
...#(...((##
....(#(####


You could see Ijyb.

Vanquished Creatures
  2 sky beasts
  A phantom (D:4)
  An ogre (D:4)
  A bullfrog (D:4)
  2 scorpions
  A hound (D:5)
  Jessica (D:2)
  2 worker ants (D:4)
  A hound skeleton (D:4)
  6 adders
  3 gnolls (D:4)
  4 oozes
  An adder skeleton (D:5)
  2 worms (D:2)
  3 dart slugs
  3 leopard geckos
  6 orcs
  3 ball pythons
  6 giant cockroaches
  7 hobgoblins
  16 jackals
  6 kobolds
  3 quokkas
  9 bats
  5 frilled lizards
  5 goblins
  A jackal skeleton (D:3)
  8 rats
109 creatures vanquished.

Notes
Turn   | Place    | Note
-------+----------+-------------------------------------------
     0 | D:1      | Amnesiac the Mummy Hunter began the quest for the Orb.
     0 | D:1      | Reached XP level 1. HP: 16/16 MP: 1/1
    88 | D:1      | Reached XP level 2. HP: 22/22 MP: 2/2
   389 | D:1      | Reached skill level 1 in Armour
   569 | D:1      | Reached XP level 3. HP: 24/28 MP: 3/3
  1240 | D:2      | Noticed Jessica
  1255 | D:2      | Killed Jessica
  1255 | D:2      | Reached skill level 4 in Bows
  1255 | D:2      | Reached XP level 4. HP: 23/34 MP: 4/4
  1556 | D:2      | Found a sparkling altar of Nemelex Xobeh.
  1977 | D:2      | You fall through a shaft!
  2245 | D:3      | Found a hide-covered altar of Uskayaw.
  2246 | D:3      | Found a radiant altar of Vehumet.
  2291 | D:3      | Reached XP level 5. HP: 40/40 MP: 5/5
  2322 | D:3      | Found a shattered altar of Ashenzari.
  2429 | D:3      | Found an ancient bone altar of Kikubaaqudgha.
  2430 | D:3      | Found a sacrificial altar of Ru.
  2430 | D:3      | Found a snail-covered altar of Cheibriados.
  2431 | D:3      | Found a basalt altar of Yredelemnul.
  3036 | D:4      | Noticed a sky beast
  3062 | D:4      | Killed a sky beast
  3062 | D:4      | Reached XP level 6. HP: 27/46 MP: 6/6
  3594 | D:4      | Reached skill level 5 in Bows
  3807 | D:4      | Reached XP level 7. HP: 41/53 MP: 7/7
  4007 | D:4      | Noticed Edmund
  4459 | D:5      | Entered Level 5 of the Dungeon
  4459 | D:5      | Noticed Prince Ribbit
  4605 | D:5      | Noticed Ijyb
  5070 | D:5      | Blown up by Ijyb

Skill      XL: |  1  2  3  4  5  6  7 |
---------------+----------------------+-----
Armour         | 1 2 3 |  3.5
Bows           | 4 5 |  5.4
Dodging        | 2 3 |  3.6
Fighting       | 3 4 |  4.0
Stealth        | |  0.7

Action                   |  1- 3 |  4- 6 |  7- 9 || total
-------------------------+-------+-------+-------++-------
Melee: Short sword       |    98 |   121 |       ||   219
       Trident           |       |   172 |   109 ||   281
 Fire: Shortbow          |    31 |    55 |    27 ||   113
Throw: Throwing net      |       |       |     1 ||     1
Evoke: Wand              |       |       |     1 ||     1
  Use: Scroll            |       |       |     2 ||     2
Armor: Leather armour    |    35 |       |       ||    35
       Ring mail         |     4 |   118 |    12 ||   134
       Chain mail        |       |       |    64 ||    64
Dodge: Dodged            |    75 |   200 |    62 ||   337
